 Dungeon Crawl Stone Soup version 0.19.0 (webtiles) character file.

5931 kraedy the Basher (level 10, -1/60 HPs)
             Began as a Gargoyle Fighter on Nov 1, 2016.
             Was an Elder of Okawaru.
             Slain by an orc warrior
             ... wielding a +0 dire flail
              (11 damage)
             ... on level 8 of the Dungeon.
             The game lasted 00:29:51 (8710 turns).

kraedy the Basher (Gargoyle Fighter)                Turns: 8710, Time: 00:29:52

Health: -1/60      AC: 19    Str: 22    XL:     10   Next: 83%
Magic:  20/22      EV: 13    Int: 15    God:    Okawaru [****..]
Gold:   433        SH: 17    Dex:  9    Spells: 0 memorised, 9 levels left

rFire  . . .     SeeInvis .     d - +2 whip (venom)
rCold  . . .     Gourm    .     l - +1 ring mail {MR+}
rNeg   + . .     Faith    .     c - +0 shield
rPois  ∞         Spirit   .     t - +1 helmet
rElec  +         Reflect  +     q - +0 cloak
rCorr  .         Harm     .     (no gloves)
MR     +....                    (no boots)
Stlth  ++........               B - +5 amulet of reflection
                                i - +5 ring of intelligence
                                y - ring of magical power

@: heroism, very slightly contaminated
A: negative energy resistance 1, electricity resistance, unbreathing,
petrification resistance, rot immunity, AC +7
a: Heroism, Renounce Religion


You were on level 8 of the Dungeon.
You worshipped Okawaru.
Okawaru was greatly pleased with you.
You were not hungry.

You visited 2 branches of the dungeon, and saw 9 of its levels.

You collected 433 gold pieces.

Inventory:

Hand Weapons
 d - a +2 whip of venom (weapon)
 K - a +2 shortbow of flaming
Missiles
 b - 134 arrows (quivered)
Armour
 c - a +0 shield (worn)
 k - a +0 large shield
 l - a +1 ring mail of magic resistance (worn)
 q - a +0 cloak (worn)
 t - a +1 helmet (worn)
 G - the +0 cloak "Daga" {rF- MR- Regen+ Dex+8}
   (You found it on level 6 of the Dungeon)

   It affects your dexterity (+8).
   It makes you vulnerable to fire.
   It affects your resistance to hostile enchantments.
   It increases your rate of regeneration.
Jewellery
 i - a +5 ring of intelligence (right hand)
 y - a ring of magical power (left hand)
 B - a +5 amulet of reflection (around neck)
 E - an uncursed ring of wizardry
 M - an uncursed amulet of rage
Wands
 n - a wand of confusion (20/48)
 v - a wand of flame (20/48)
 z - a wand of iceblast (11/15)
 D - a wand of lightning (6/15)
 I - a wand of flame (27/48)
 J - a wand of digging (24/24)
Scrolls
 j - 4 scrolls of teleportation
 r - a scroll of enchant armour
 w - 6 scrolls of remove curse
Potions
 e - 4 potions of brilliance
 g - 2 potions of resistance
 h - 2 potions of ambrosia
 p - a potion of curing
 u - a potion of flight
 A - 2 potions of lignification
 F - a potion of mutation {unknown}
Comestibles
 f - 11 bread rations
 o - 7 beef jerkies
 s - 2 royal jellies
 x - 3 meat rations
 H - 3 fruits


   Skills:
 + Level 5.7(10.7) Fighting
 * Level 12.4(17.4) Maces & Flails
 + Level 3.4(8.4) Bows
 + Level 5.7(10.7) Armour
 + Level 2.9(7.9) Dodging
 + Level 5.3(10.3) Shields
 + Level 4.0 Invocations


You had 9 spell levels left.
You didn't know any spells.

Dungeon Overview and Level Annotations

Branches:
Dungeon (8/15)             Temple (1/1) D:5
   Lair: D:8-11

Altars:
Ashenzari
Cheibriados
Elyvilon
Fedhas
Gozag
Hepliaklqana
Kikubaaqudgha
Makhleb
Nemelex Xobeh
Okawaru
Qazlal
Ru
Sif Muna
Trog
Uskayaw
Vehumet
Xom
Yredelemnul
Zin


Innate Abilities, Weirdness & Mutations

You are resistant to torment.
Your stone body is resilient. (AC +7)
You are immune to poison.
You resist negative energy. (rN+)
You are resistant to electric shocks. (rElec)
You can survive without breathing.
You are immune to petrification.
You are immune to rotting.


Message History

You hit the orc warrior.
The orc warrior is poisoned.
The orc warrior is lightly wounded.
You hit the orc warrior.
The orc warrior looks as sick as possible!
The orc warrior is moderately wounded.
You hit the orc warrior.
The orc warrior looks as sick as possible!
The orc warrior is heavily wounded.
You block the orc warrior's attack.
You hit the orc warrior.
The orc warrior looks as sick as possible!
The orc warrior is heavily wounded.
You hit the orc warrior.
The orc warrior looks as sick as possible!
The orc warrior is almost dead.
You barely miss the orc.
You hit the orc warrior but do no damage.
The orc warrior is almost dead.
The orc warrior hits you with a dire flail!
You die...

###..#.########################
.....#.#......... ....
..........######## .....
........o......... .....
..........##########.....
...........#...o)........
...........#.####...###. ##
...........# #.oo...# #.
...........# #.@#...# #.
#########.#.####o..# #. .......
#.#.oo...### #. .......
#.######## #. ....... #{...# #)
......>. #....# ##############.
.......[. #....#
#............#. .........
#....# #..............
.........##....#
#..............


You could see an orc warrior and an orc.

Vanquished Creatures
  The ghost of Gekot the Fighter, a novice FoFi of Okawaru (D:8)
  The ghost of tv1990 the Warrior, a novice FoMo of Okawaru (D:7)
  Grinder (D:6)
  5 hippogriffs
  A hungry ghost (D:7)
  A black bear (D:8)
  2 phantoms (D:4)
  9 ogres
  3 centaurs
  Blork the orc (D:6)
  6 bullfrogs
  3 scorpions
  4 killer bees (D:8)
  4 wights (D:8)
  3 howler monkeys
  5 crimson imps
  A bullfrog zombie (D:6)
  3 hounds
  A jelly (D:5)
  2 gnoll shamans
  5 orc priests
  4 orc wizards
  2 bullfrog skeletons (D:4)
  Ijyb (D:3)
  2 iguanas
  Natasha (thrice) (D:3)
  2 worker ants
  A hound zombie (D:5)
  A hound skeleton (D:5)
  Robin (D:2)
  A worker ant zombie (D:5)
  9 adders
  10 gnolls
  A shadow imp (D:6)
  3 adder skeletons
  2 worms
  2 dart slugs (D:1)
  4 leopard geckos
  21 orcs
  A giant cockroach (D:2)
  8 hobgoblins
  3 quokkas
  5 ball pythons
  8 bats
  4 frilled lizards
  15 goblins
  6 kobolds
  8 rats
190 creatures vanquished.

Vanquished Creatures (others)
  A frilled lizard (D:3)
1 creature vanquished.

Grand Total: 191 creatures vanquished

Notes
Turn   | Place    | Note
-------+----------+-------------------------------------------
     0 | D:1      | kraedy the Gargoyle Fighter began the quest for the Orb.
     0 | D:1      | Reached XP level 1. HP: 14/14 MP: 1/1
   268 | D:1      | Reached XP level 2. HP: 17/19 MP: 2/2
   437 | D:1      | Reached skill level 3 in Maces & Flails
   945 | D:2      | Reached XP level 3. HP: 23/23 MP: 3/3
  1055 | D:2      | Reached skill level 4 in Maces & Flails
  1235 | D:2      | Noticed Robin
  1251 | D:2      | Reached XP level 4. HP: 23/28 MP: 4/4
  1295 | D:2      | Killed Robin
  2017 | D:3      | Reached skill level 5 in Maces & Flails
  2020 | D:3      | Reached XP level 5. HP: 32/32 MP: 5/5
  2088 | D:3      | Noticed an ogre
  2147 | D:3      | Killed an ogre
  2147 | D:3      | Reached skill level 6 in Maces & Flails
  2147 | D:3      | Reached XP level 6. HP: 18/37 MP: 6/6
  2348 | D:3      | Found a stormy altar of Qazlal.
  2408 | D:3      | Found a bloodstained altar of Trog.
  2418 | D:3      | Noticed Natasha
  2426 | D:3      | Killed Natasha
  2672 | D:3      | Noticed Ijyb
  2679 | D:3      | Killed Ijyb
  2706 | D:4      | Noticed a phantom
  2923 | D:3      | Noticed Natasha
  2929 | D:3      | Reached skill level 7 in Maces & Flails
  2931 | D:3      | Killed Natasha
  3334 | D:3      | Noticed Natasha
  3344 | D:3      | Killed Natasha
  3344 | D:3      | Reached XP level 7. HP: 35/41 MP: 7/7
  3507 | D:4      | Reached skill level 8 in Maces & Flails
  3843 | D:4      | Found a basalt altar of Yredelemnul.
  3993 | D:4      | Reached skill level 9 in Maces & Flails
  3993 | D:4      | Reached XP level 8. HP: 45/46 MP: 8/8
  4242 | D:4      | Identified the Grimoire of the Escort and Clay
  4702 | D:5      | Entered Level 5 of the Dungeon
  4924 | D:5      | Reached skill level 10 in Maces & Flails
  4993 | D:5      | Found a staircase to the Ecumenical Temple.
  5255 | D:5      | Noticed a dagger
  5255 | D:5      | Noticed a dagger
  5255 | D:5      | Found a hide-covered altar of Uskayaw.
  5299 | Temple   | Entered the Ecumenical Temple
  5351 | Temple   | Became a worshipper of Warmaster Okawaru
  5507 | D:5      | Found a shattered altar of Ashenzari.
  5508 | D:5      | Found a snail-covered altar of Cheibriados.
  5508 | D:5      | Found an ancient bone altar of Kikubaaqudgha.
  5509 | D:5      | Found a glowing silver altar of Zin.
  5733 | D:6      | Noticed Grinder
  5748 | D:6      | Killed Grinder
  5748 | D:6      | Reached skill level 11 in Maces & Flails
  5748 | D:6      | Reached XP level 9. HP: 46/51 MP: 9/9
  5798 | D:6      | Noticed Blork the orc
  5818 | D:6      | Killed Blork the orc
  5878 | D:6      | Reached * piety under Okawaru
  5878 | D:6      | Reached skill level 1 in Bows
  5991 | D:6      | Reached skill level 1 in Dodging
  6217 | D:6      | Got a distressingly furry cloak
  6229 | D:6      | Identified the cursed +0 cloak "Daga" {rF- MR- Regen+ Dex+8} (You found it on level 6 of the Dungeon)
  6356 | D:7      | Reached skill level 1 in Invocations
  6446 | D:7      | Reached ** piety under Okawaru
  6458 | D:7      | Found a white marble altar of Elyvilon.
  6469 | D:7      | Found a radiant altar of Vehumet.
  6727 | D:7      | Noticed tv1990's ghost (novice FoMo)
  6781 | D:7      | Killed tv1990's ghost
  6781 | D:7      | Reached XP level 10. HP: 29/58 MP: 12/12
  6789 | D:7      | Identified a scroll of acquirement
  6995 | D:7      | Reached skill level 5 in Fighting
  7030 | D:7      | Reached skill level 12 in Maces & Flails
  7099 | D:7      | Reached skill level 5 in Armour
  7110 | D:7      | Found a sacrificial altar of Ru.
  7270 | D:7      | Reached *** piety under Okawaru
  7347 | D:8      | Noticed Gekot's ghost (novice FoFi)
  7670 | D:8      | Killed Gekot's ghost
  7670 | D:8      | Reached skill level 5 in Shields
  7909 | D:8      | Reached **** piety under Okawaru
  8645 | D:8      | HP: 2/60 [something (4)]
  8710 | D:8      | Slain by an orc warrior

Skill      XL: |  1  2  3  4  5  6  7  8  9 10 |
---------------+-------------------------------+-----
Maces & Flails | 3 4 5 6 7 9 11 12 | 12.4
Bows           | 2 3 |  3.4
Dodging        | 2 |  2.9
Invocations    | 2 4 |  4.0
Fighting       | 4 5 |  5.7
Armour         | 4 5 |  5.7
Shields        | 4 5 |  5.3

Action                   |  1- 3 |  4- 6 |  7- 9 | 10-12 || total
-------------------------+-------+-------+-------+-------++-------
Melee: Flail             |   176 |    43 |       |       ||   219
       Whip              |       |   159 |   414 |   337 ||   910
Invok: Heroism           |       |       |     1 |     5 ||     6
  Use: Potion            |     1 |       |     2 |     7 ||    10
       Scroll            |       |     6 |    13 |     3 ||    22
  Eat: Chunk             |     1 |     7 |    13 |     7 ||    28
Armor: Scale mail        |    20 |       |       |       ||    20
       Ring mail         |    93 |    89 |    85 |   133 ||   400
Dodge: Dodged            |    89 |    55 |    44 |    49 ||   237
Block: Shield            |   114 |    73 |   145 |   151 ||   483
       Reflection        |       |       |     4 |     3 ||     7
